AoeStats
← thomas89671173

Arena

507919482Analyzed
1v1 RM · 13d ago on Sep 20, 2026· 25m 38s· 2 players
Game mode
Random Map
Map size
Tiny (2 player)
Population
200
Speed
Normal
Resources
Standard
Victory
Conquest
Starting age
Dark Age
Ending age
Imperial Age
RankedLock teamsTeams togetherTeam positionsShared explorationLock speedFull tech treeHidden civsTurbo modeCheats
Victory
Defeat
🇹🇼 Bohemians · Taiwan
1307
+13
🇹🇼 Tupi · Taiwan
1248
-13
thomas89671173
12:08 Feudal Age
16:18 Castle Age
18:33 Loom
21:36 Imperial Age
20:05 Fletching
21:29 Bodkin Arrow
21:39 Double-Bit Axe
蛋頭叔叔
9:50 Feudal Age
10:28 Loom
14:04 Castle Age
12:32 Double-Bit Axe
13:09 Horse Collar
16:24 Forging
17:10 Fervor
16:54 Light Cavalry
22:10 Wheelbarrow
21:21 Town Watch
21:48 Bow Saw
Connection lost

Rejoining the realm…

Still unreachable

The connection could not be restored.

Session expired

The server has moved on; the page needs a fresh start.